 Dungeon Crawl Stone Soup version 0.23.2-1-ga50397a (webtiles) character file.

Game seed: 7515033564233019202

144 Keomo the Cudgeler (level 5, -4/53 HPs)
             Began as a Troll Berserker on Apr 22, 2019.
             Was a Believer of Trog.
             Slain by an orc
             ... wielding a +0 trident
              (5 damage)
             ... on level 3 of the Dungeon.
             The game lasted 00:14:51 (2636 turns).

Keomo the Cudgeler (Troll Berserker)                Turns: 2636, Time: 00:14:52

Health: -4/53      AC:  6    Str: 26    XL:     5   Next: 5%
Magic:  4/4        EV: 17    Int:  3    God:    Trog [**....]
Gold:   204        SH:  0    Dex: 14    Spells: 4/4 levels left

rFire    . . .     SeeInvis .   k - +3 dagger (drain)
rCold    . . .     Gourm    +   (no shield)
rNeg     . . .     Faith    .   b - +0 animal skin
rPois    .         Spirit   .   (helmet restricted)
rElec    .         Reflect  .   (no cloak)
rCorr    .         Harm     .   (gloves unavailable)
MR       .....                  (boots unavailable)
Stlth    ++........             q - amulet of inaccuracy (curse)
HPRegen  0.57/turn              d - +1 ring of evasion
MPRegen  0.09/turn              (no ring)

@: agile
A: large, unfitting armour, claws 3, fast metabolism 3, gourmand, regeneration
1, shaggy fur 1, tough skin 3
a: Berserk, Trog's Hand, Renounce Religion


You were on level 3 of the Dungeon.
You worshipped Trog.
Trog was pleased with you.
You were not hungry.

You visited 1 branch of the dungeon, and saw 3 of its levels.

You collected 204 gold pieces.

Inventory:

Hand Weapons
 a - a +0 mace
 h - a +0 short sword
 k - a +3 dagger of draining (weapon)
Armour
 b - a +0 animal skin (worn)
 l - a +0 chain mail
 m - a +1 helmet
Jewellery
 d - a +1 ring of evasion (left claw)
 q - a cursed amulet of inaccuracy (around neck)
Scrolls
 c - a scroll of amnesia {unknown}
 n - 2 scrolls of identify
 r - a scroll of enchant weapon
Potions
 e - a potion of ambrosia {unknown}
 g - a potion of brilliance {unknown}
 j - a potion of lignification {unknown}
 o - a potion of degeneration {unknown}
 p - a potion of flight {unknown}
 u - a potion of haste {unknown}
Comestibles
 s - a ration (quivered)


   Skills:
 + Level 3.1 Fighting
 + Level 1.3 Short Blades
 + Level 3.4 Maces & Flails
 + Level 3.4 Dodging
 + Level 0.1 Stealth


You had 4 spell levels left.
You didn't know any spells.
Your spell library was empty.

Dungeon Overview and Level Annotations

Branches:
Dungeon (3/15)

Altars:


Innate Abilities, Weirdness & Mutations

You are too large for most types of armour.
You have claws for hands.
Your metabolism is lightning-fast.
You like to eat raw meat.
Your natural rate of healing is unusually fast.
You are covered in fur. (AC +1)
You have extremely tough skin. (AC +3)


Message History

The orc hits you but does no damage. The orc barely misses you.
You hit the orc priest but do no damage.
The orc priest is moderately wounded.
The orc hits you with a +0 flail.
The orc priest hits you with a +0 trident.
You hit the orc priest.
The orc priest is heavily wounded.
The orc misses you.
The orc hits you from afar with a +0 trident!
* * * LOW HITPOINT WARNING * * *
The orc hits you but does no damage.
The orc priest mumbles some strange prayers to Beogh against you.
Beogh smites you!
* * * LOW HITPOINT WARNING * * *
It was a potion of agility.
You feel agile all of a sudden. The orc hits you with a +0 hand axe.
* * * LOW HITPOINT WARNING * * *
The orc hits you from afar with a +0 trident.
You die...

..........##.#.# #.......
..........##...# #.......
..........##...# #.......
#.........##...# #.......
#.........##..†# #.#.......
#$........##...#.#.#.......
#.........##.#.#.#.#.......
#.......oo##.#.....#.......
.(.......o@...........†....
.<.......o##.#.#.##........
..........##.#.#.##........
...#####+###.#.#.##...###..
.. #.###.#........###.. .
#.....#..###.....)..
#...........)..#####
#....##.............
#....####..#...#####


You could see an orc priest and 3 orcs.

Vanquished Creatures
  A crimson imp (D:3)
  An orc wizard (D:3)
  An adder (D:3)
  An ooze (D:1)
  2 dart slugs (D:1)
  2 worms
  6 orcs (D:3)
  A ball python (D:2)
  6 goblins
  5 hobgoblins
  2 jackals (D:1)
  6 kobolds
  A quokka (D:2)
  6 bats
  5 frilled lizards
  6 rats
52 creatures vanquished.

Notes
Turn   | Place    | Note
-------+----------+-------------------------------------------
     0 | D:1      | Keomo the Troll Berserker began the quest for the Orb.
     0 | D:1      | Reached XP level 1. HP: 22/22 MP: 0/0
   422 | D:1      | Reached XP level 2. HP: 29/29 MP: 1/1
  1016 | D:2      | Reached XP level 3. HP: 30/36 MP: 2/2
  1242 | D:2      | Reached ** piety under Trog
  2240 | D:3      | Paralysed by fainting for 8 turns
  2254 | D:3      | Paralysed by fainting for 5 turns
  2346 | D:3      | Reached skill level 1 in Short Blades
  2346 | D:3      | Reached XP level 4. HP: 42/45 MP: 3/3
  2512 | D:3      | Reached XP level 5. HP: 51/53 MP: 4/4
  2635 | D:3      | HP: 2/53 [orc priest/divine providence (11)]
  2636 | D:3      | Slain by an orc

Skill      XL: |  1  2  3 |
---------------+----------+-----
Maces & Flails | 3 |  3.4
Fighting       | 3 |  3.1
Short Blades   | 1 |  1.3
Dodging        | 3 |  3.4
Stealth        | |  0.1

Action                   |  1- 3 |  4- 6 || total
-------------------------+-------+-------++-------
Melee: Mace              |    39 |       ||    39
       Dagger            |   190 |    75 ||   265
  Use: Scroll            |     4 |       ||     4
       Potion            |       |     2 ||     2
  Eat: Chunk             |     5 |       ||     5
       Ration            |     4 |     1 ||     5
Armor: Animal skin       |    87 |    33 ||   120
Dodge: Dodged            |   138 |    57 ||   195
